 Dungeon Crawl Stone Soup version 0.29-a0-1009-g60c99734e7 (webtiles) character file.

Game seed: 10698344543462956433

7 spaghetti the Insei (level 1, 9/18 HPs)
             Began as a Demonspawn Chaos Knight on Aug 8, 2022.
             Was a Plaything of Xom.
             Quit the game on level 1 of the Dungeon.
             The game lasted 00:01:04 (253 turns).

spaghetti the Insei (Demonspawn Chaos Knight)        Turns: 253, Time: 00:01:04

Health: 9/18       AC:  5    Str: 12    XL:     1   Next: 83%
Magic:  1/1        EV: 11    Int: 13    God:    Xom [..*...]
Gold:   0          SH:  0    Dex: 12    Spells: 0/0 levels left

rFire   . . .      SeeInvis .     - Unarmed
rCold   . . .      Faith    .   (no shield)
rNeg    . . .      Spirit   .   a - +2 leather armour
rPois   .          Reflect  .   (no helmet)
rElec   .          Harm     .   (no cloak)
rCorr   .          Rampage  .   (no gloves)
Will    .....                   (no boots)
Stlth   +.........              (no amulet)
HPRegen 0.06/turn               (no ring)
MPRegen 0.07/turn               (no ring)

@: no status effects
A: no striking features
a: Renounce Religion


You were on level 1 of the Dungeon.
You worshipped Xom.
You were a toy of Xom.
You visited 1 branch of the dungeon, and saw 1 of its levels.


   Skills:
 - Level 3.0 Fighting
 - Level 1.7 Armour
 - Level 0.8 Dodging
 + Level 3.1 Unarmed Combat


You couldn't memorise any spells.
You didn't know any spells.
Your spell library was empty.

Inventory:

Hand Weapons
 c - a +0 long sword {long}
   (You found it on level 1 of the Dungeon)
Armour
 a - a +2 leather armour (worn)
Potions
 d - a potion of degeneration {unknown}
Miscellaneous
 b - a piece from Xom's chessboard (15/15) (quivered)

Dungeon Overview and Level Annotations

Branches:
Dungeon (1/15) Zot: 5748

Altars:

#### ### .!# ...###
# ##.## .....
###.##...##...#
.............# #.
#)..#...#
#####.###)#.#..####
.................?.
..........b@.#.....
######....#...####
#.###.#..# #.#
#....# ##
#.###.#.## ..#
##...##.#
#.###.#.###.#
#...........#
#..###.###..#


You could see a bat.


Message History

A goblin comes into view. It is wielding a +0 dagger.
The goblin barely misses you.
The bat moves out of view.
You miss the goblin.
The kobold throws a stone.
The stone closely misses you. The goblin barely misses you.
You hit the goblin. The goblin hits you with a +0 club.
You are too injured to fight recklessly! 😕 HP[-1]
You take 1 damage, and now have 17/18 hp.
You are too injured to fight recklessly!
You are too injured to fight recklessly!
You are too injured to fight recklessly!
You are too injured to fight recklessly!
You are too injured to fight recklessly!
You are too injured to fight recklessly!
You are too injured to fight recklessly!
You are too injured to fight recklessly!
You are too injured to fight recklessly!
You are too injured to fight recklessly!
You are too injured to fight recklessly!
You are too injured to fight recklessly!
You are too injured to fight recklessly!
You are too injured to fight recklessly!
You are too injured to fight recklessly!
You are too injured to fight recklessly!
You are too injured to fight recklessly!
You are too injured to fight recklessly!
You are too injured to fight recklessly!
You are too injured to fight recklessly!
You closely miss the kobold. The kobold hits you but does no damage.
The goblin hits you with a +0 club. 😕 HP[-3]
You take 3 damage, and now have 14/18 hp.
You hit the kobold. The kobold hits you but does no damage.
The goblin hits you with a +0 club. 😮 HP[-1]
You take 1 damage, and now have 13/18 hp.
You closely miss the kobold. The kobold hits you but does no damage.
The goblin completely misses you.
The kobold throws a stone.
The stone hits you but does no damage.
You hit the goblin but do no damage. The goblin misses you.
You hit the goblin.
You kill the goblin!
Your Unarmed Combat skill increases to level 3!
You barely miss the kobold.
The kobold hits you with a +0 dagger. 😮 HP[-1]
You take 1 damage, and now have 12/18 hp.
You barely miss the kobold. The kobold hits you but does no damage.
You barely miss the kobold. The kobold hits you but does no damage.
You closely miss the kobold. The kobold closely misses you.
You hit the kobold but do no damage. The kobold hits you but does no damage.
You hit the kobold. You closely miss the kobold.
The kobold barely misses you. 😮 HP[+1]
You hit the kobold.
You kill the kobold!
The bat barely misses you. The bat closely misses you.
The bat barely misses you. The goblin hits you with a +0 club.
* * * LOW HITPOINT WARNING * * *
The bat completely misses you.
Things that are here:
a +0 dagger {short}; 5 stones {throwing}; a +0 dagger {short} 😨 HP[-4]
You take 4 damage, and now have 9/18 hp.
MASSIVE DAMAGE!! (PAUSE)
You hit the goblin.
You kill the goblin!
The bat misses you. The bat completely misses you.
You hit the bat. The bat hits you but does no damage.
The bat closely misses you.
A bat is nearby!
A bat is nearby!
A bat is nearby!
A bat is nearby!
You hit the bat. The bat completely misses you.
The bat hits you but does no damage.
Xom's attention almost turns to you for a moment.
A monocle briefly appears over your right eye.
The bat hits you but does no damage. The bat hits you but does no damage.
A bat is nearby!
A bat is nearby!
A bat is nearby!
A bat is nearby!
You are too injured to fight recklessly!
The bat barely misses you. The bat barely misses you. The bat hits you.
* * * LOW HITPOINT WARNING * * *
😨 HP[-1]
You take 1 damage, and now have 8/18 hp.
You hit the bat. The bat hits you but does no damage.
You closely miss the bat. The bat closely misses you.
The bat misses you. 😨 HP[+1] Unknown command.
You closely miss the bat. The bat barely misses you. The bat barely misses you.
Are you sure you want to abandon this character and quit the game? (Confirm with "yes".)

Skill      XL: |  1 |
---------------+----+-----
Unarmed Combat | 3 |  3.1
Fighting       | |  3.0
Armour         | |  1.7
Dodging        | |  0.8

Action                   || total
-------------------------++-------
Melee: Unarmed           ||    37
Armor: Leather armour    ||    13
Dodge: Dodged            ||    31

Levels and vault maps discovered:
D:1:      reono_arrival_mine, layout_loops_ring, ebering_ecumenical_altar_mist

Notes
Turn   | Place    | Note
-------+----------+-------------------------------------------
     0 | D:1      | spaghetti the Demonspawn Chaos Knight began the quest for
                  | the Orb.
     0 | D:1      | Reached XP level 1. HP: 18/18 MP: 1/1
     0 | D:1      | magus.rc [v1.9.6]
   162 | D:1      | XOM: silly message
   227 | D:1      | Reached skill level 3 in Unarmed Combat
   242 | D:1      | XOM: silly message
   253 | D:1      | Quit the game

Vanquished Creatures
  An endoplasm (D:1)
  2 goblins (D:1)
  A kobold (D:1)
  A frilled lizard (D:1)
  A rat (D:1)
6 creatures vanquished.

Table legend:
 A = Non-vault XP
 B = Vault XP
 C = Vault XP percentage of total XP
 D = Non-vault monster count
 E = Vault monster count
 F = Vault count percentage of total count
                 A         B        C        D         E       F
            +---------+---------+-------+---------+---------+-------
      Total |      10 |       0 |   0.0 |       6 |       0 |   0.0
            +---------+---------+-------+---------+---------+-------
        D:1 |      10 |       0 |   0.0 |       6 |       0 |   0.0
            +---------+---------+-------+---------+---------+-------

Illustrated notes

Table legend:
 A = Kills in this place as a percentage of kills in entire the game.
 B = Kills by you in this place as a percentage of kills by you in the entire game.
 C = Kills by friends in this place as a percentage of kills by friends in the entire game.
 D = Other kills in this place as a percentage of other kills in the entire game.
 E = Experience gained in this place as a percentage of experience gained in the entire game.
 F = Experience gained in this place divided by the number of levels of this place that you have seen.
                   A       B       C       D       E      F
               +-------+-------+-------+-------+-------+----------------------
         Total | 100.0 | 100.0 |   N/A |   N/A | 100.0 |  10.0
       Dungeon | 100.0 | 100.0 |   N/A |   N/A | 100.0 |  10.0
               +-------+-------+-------+-------+-------+----------------------

Table legend: (Time is in decaauts)
 A = Elapsed time spent in this place.
 B = Non-inter-level travel time spent in this place.
 C = Inter-level travel time spent in this place.
 D = Time resting spent in this place.
 E = Time spent auto-exploring this place.
 F = Levels seen in this place.
 G = Mean time per level.
                   A        B        C        D        E       F      G
               +--------+--------+--------+--------+--------+-----+--------+
         Total |    251 |    251 |      0 |      0 |    189 |   1 |  251.0 |
       Dungeon |    251 |    251 |      0 |      0 |    189 |   1 |  251.0 |
               +--------+--------+--------+--------+--------+-----+--------+

Top non-repeatable levels by time:
     D:1: 251 daAuts
